[Event "*** Titled Tuesday Blitz"]
[Site "Chess.com"]
[Date "2021.03.30"]
[Round "5"]
[White "GMJustin"]
[Black "zurzan"]
[Result "1/2-1/2"]
[WhiteElo "2293"]
[BlackElo "1970"]
[TimeControl "180+1"]
[EndTime "10:55:18 PDT"]
[Termination "Game drawn by repetition"]

1. e4 Nf6 2. e5 Nd5 3. d4 d6 4. Nf3 g6 5. c4 Nb6 6. Nc3 Bg7 7. Bf4 O-O 8. c5 dxc5 9. dxc5 Qxd1+ 10. Rxd1 N6d7 11.
Nd5 Nxc5 12. Nxc7 Ne6 13. Nxa8 Nxf4 14. Nc7 Nc6 15. Nd5 Nxd5 16. Rxd5 Be6 17. Rb5 b6 18. b3 Rb8 19. Bc4 a6 20. Bxe6 axb5 21. Bd7 Nxe5 22. Nxe5 Bxe5 23. Bxb5 Bc3+ 24. Ke2 Rd8 25. Rd1 Rxd1 26.
Kxd1 Bd4 27. Ke2 e5 28. f3 f5 29. g4 Kg7 30. gxf5 gxf5 31. Bd7 Kf6 32. Bc8 Kg5 33. Bd7 Kf4 34. a4 e4 35. fxe4 fxe4 36. Bc6 h5 37. h3 h4 38. Bb7 Bc5 39. Bc6 Bb4 40. Bb7 Ba5 41. Bc6 Bb4 42. Bb7 Ba5 43. Bc6 Bb4 1/2-1/2

[Event "*** Titled Tuesday Blitz"]
[Site "Chess.com"]
[Date "2021.03.30"]
[Round "5"]
[White "Caterpiller35"]
[Black "Tacticus_Severus"]
[Result "1-0"]
[WhiteElo "2393"]
[BlackElo "2066"]
[TimeControl "180+1"]
[EndTime "10:55:19 PDT"]
[Termination "Caterpiller35 won by resignation"]

1. d4 d5 2. Bf4 Nf6 3. e3 c5 4. c3 Nc6 5. Nd2 Bf5 6. Qb3 Qc8 7. dxc5 e6 8. Bd6 Bxd6 9. cxd6 O-O 10. Ngf3 Rd8 11.
Bb5 Rxd6 12. O-O a6 13. Be2 b5 14. a4 Rb8 15. axb5 axb5 16. Bxb5 Rd8 17. Qa4 Rb6 18. Bxc6 Rxc6 19. Nd4 Rb6 20. Nxf5 exf5 21. Ra2 Qb7 22. b4 Rc8 23. Ra3 Rbc6 24. Qb3 Qc7 25. Rc1 g6 26. b5 Rb6 27. c4 dxc4 28. Rxc4 Qd7 29. Rxc8+ Qxc8 30. Nc4 Qc5 31. Ra5 Rb7 32. b6 Qc6 33. h3 Ne4 34. Ra8+ Kg7 35. Qb2+ Qf6 36. Qxf6+ Kxf6 37. Ra7 Nc5 38. Rxb7 Ke6 39. Rc7 1-0

[Event "*** Titled Tuesday Blitz"]
[Site "Chess.com"]
[Date "2021.03.30"]
[Round "5"]
[White "rachidhuilda"]
[Black "Chopper1905"]
[Result "0-1"]
[WhiteElo "2292"]
[BlackElo "2914"]
[TimeControl "180+1"]
[EndTime "10:55:20 PDT"]
[Termination "Chopper1905 won on time"]

1. d4 Nf6 2. Bg5 e6 3. e4 h6 4.
Bxf6 Qxf6 5. c3 d6 6. Nd2 Nd7 7. Bd3 b6 8. Ne2 g5 9. Ng3 Bb7 10. a4 a6 11. Qe2 Qe7 12. b4 Nf6 13. O-O Bg7 14. f4 gxf4 15. Rxf4 h5 16. Raf1 h4 17. Nh1 e5 18. R4f3 exd4 19. cxd4 Ng4 20. Rxf7 Bxd4+ 21. Nf2 Qxf7 22. Qxg4 Rg8 23. Qxh4 Qg6 24. Qh3 Bc8 25. Qf3 Bg4 26. Qf4 O-O-O 27. Kh1 Be2 0-1

[Event "*** Titled Tuesday Blitz"]
[Site "Chess.com"]
[Date "2021.03.30"]
[Round "5"]
[White "MerryPoppies"]
[Black "Zipa5"]
[Result "1-0"]
[WhiteElo "2215"]
[BlackElo "1914"]
[TimeControl "180+1"]
[EndTime "10:55:20 PDT"]
[Termination "MerryPoppies won on time"]

1. d4 g6 2. c4 Bg7 3. Nc3 d6 4. Nf3 Nd7 5. e4 e5 6. d5 Ne7 7.
h3 O-O 8. Be3 f5 9. Ng5 Nf6 10. exf5 Nxf5 11. Bd3 Nxe3 12. fxe3 Nh5 13. Nf3 Ng3 14. Rg1 Qe7 15. Ne4 Nxe4 16. Bxe4 Bf5 17. Qd3 c6 18. O-O-O c5 19. g4 Bxe4 20. Qxe4 a6 21.
h4 b5 22. h5 g5 23. Nd2 h6 24.
Rdf1 Qd7 25. Qg6 Rxf1+ 26. Rxf1 Rf8 27. Rxf8+ Kxf8 28. Ne4 bxc4 29. Nxd6 1-0

[Event "*** Titled Tuesday Blitz"]
[Site "Chess.com"]
[Date "2021.03.30"]
[Round "5"]
[White "dpruess"]
[Black "erdni1993"]
[Result "0-1"]
[WhiteElo "2341"]
[BlackElo "2513"]
[TimeControl "180+1"]
[EndTime "10:55:21 PDT"]
[Termination "erdni1993 won on time"]

1. e4 c5 2. Nf3 e6 3. d4 cxd4 4. Nxd4 Nc6 5. Nc3 Qc7 6. Be3 a6 7. Qf3 Nf6 8. O-O-O Bb4 9. Nxc6 bxc6 10. Bf4 Qa5 11. Bc4 O-O 12. Bd6 Bxd6 13. Rxd6 Rb8 14. Rhd1 Qb4 15. Bb3 a5 16. g4 Kh8 17. g5 Nd5 18.
exd5 Qxd6 19. dxe6 Qe5 20. exd7 Qxg5+ 21. Kb1 Bb7 22. Ne4 Qe7 23. Nd6 Qxd7 24. Nxf7+ Rxf7 25. Bxf7 Qe7 26. Bb3 c5 27. Qe3 Qc7 28. Qc3 Rf8 29. a4 Rxf2 30. Qe3 Rf8 31. Qg5 c4 32. Ba2 Be4 33. Qe3 Qe5 0-1

[Event "*** Titled Tuesday Blitz"]
[Site "Chess.com"]
[Date "2021.03.30"]
[Round "5"]
[White "Mili_Brizzi"]
[Black "Alliswell998"]
[Result "1-0"]
[WhiteElo "2309"]
[BlackElo "2608"]
[TimeControl "180+1"]
[EndTime "10:55:21 PDT"]
[Termination "Mili_Brizzi won by checkmate"]

1. e4 c5 2. Nf3 d6 3. d3 Nf6 4.
g3 a6 5. Bg2 b5 6. O-O Bb7 7.
Nh4 Nc6 8. f4 e6 9. Nf3 Be7 10. Be3 O-O 11. Nc3 Rc8 12. Kh1 Qc7 13. Ne2 Rfd8 14. h3 Bf8 15. g4 d5 16. e5 Nd7 17.
Qe1 Nb4 18. Qh4 Nxc2 19. Bd2 Nxa1 20. Rxa1 d4 21. Ng3 Re8 22. Nh5 Be7 23. g5 Nf8 24. Rg1 Ng6 25. Qg4 c4 26. Nxd4 cxd3 27. h4 Bxg2+ 28.
Rxg2 Qc4 29. Nf3 Qxa2 30. Nf6+ gxf6 31. gxf6 Bf8 32. h5 Qd5 33. Ng5 Rc2 34. hxg6 Rec8 35.
gxh7+ Kh8 36. Nxf7+ Kxh7 37. Qg6# 1-0

[Event "*** Titled Tuesday Blitz"]
[Site "Chess.com"]
[Date "2021.03.30"]
[Round "5"]
[White "WonderChampion"]
[Black "Godzillator"]
[Result "1-0"]
[WhiteElo "2116"]
[BlackElo "2291"]
[TimeControl "180+1"]
[EndTime "10:55:21 PDT"]
[Termination "WonderChampion won by resignation"]

1. d4 d5 2. Bg5 Nd7 3. Nd2 Ngf6 4. Ngf3 c6 5. e3 Qb6 6. Qc1 h6 7. Bf4 g6 8. Ne5 Nxe5 9. Bxe5 Bg7 10. Bd3 O-O 11.
O-O Be6 12. c4 Rac8 13. c5 Qd8 14. b4 a6 15. a4 Qd7 16. Rb1 Bf5 17. Bxf5 Qxf5 18.
b5 axb5 19. axb5 Ng4 20. Bxg7 Kxg7 21. h3 Nf6 22. bxc6 bxc6 23. Nf3 Nd7 24. Qc3 e5 25. Nxe5 Nxe5 26. dxe5 Kh7 27. f4 Qe4 28. Qd4 Qc2 29.
Rfc1 Qa2 30. Rb6 Rfe8 31. Rb7 Kg8 32. Rcb1 Qe2 33. Kh2 g5 34. fxg5 hxg5 35. R1b2 Qh5 36. Rf2 Rf8 37. e6 Qg6 38. exf7+ Kh7 39. Rf6 Qg7 40. Qd3+ Kh8 41. Rf5 Ra8 42. Qe2 Ra4 43. Qh5+ Qh7 44. Rxg5 Qxh5 45. Rxh5+ Kg7 46. Rf5 Re4 47.
Rc7 Re6 48. Kg3 Rxf7 49. Rfxf7+ 1-0

[Event "*** Titled Tuesday Blitz"]
[Site "Chess.com"]
[Date "2021.03.30"]
[Round "5"]
[White "Oglob71"]
[Black "volunteers1998"]
[Result "1-0"]
[WhiteElo "2403"]
[BlackElo "2183"]
[TimeControl "180+1"]
[EndTime "10:55:22 PDT"]
[Termination "Oglob71 won by resignation"]

1. d4 f5 2. g3 g6 3. Bg2 Nf6 4. c3 Bg7 5. Qb3 Nc6 6. Nh3 e6 7. Nf4 O-O 8. O-O d5 9. Nd2 a6 10. Nf3 Ne4 11. Nd3 Rb8 12. Bf4 g5 13. Be5 Nxe5 14.
Nfxe5 Nd2 15. Qc2 Nxf1 16. Rxf1 Bd7 17. Rd1 c6 18. e3 Qe7 19. c4 Be8 20. Qc3 Bh5 21. Re1 Rbd8 22. b4 Bg6 23. a4 Rc8 24. f4 g4 25. Rc1 h5 26. Kf2 Kh7 27. Rh1 Bf6 28. h3 Kg7 29. h4 Rfe8 30. Rc1 b5 31. cxd5 cxd5 32. Nc5 Bxe5 33. fxe5 Rc6 34. Bf1 Rec8 35.
axb5 axb5 36. Bxb5 Rb6 37. Be2 Rcb8 38. b5 Be8 39.
Na4 R6b7 40. Nc5 Rb6 41. Na4 R6b7 42. Qc5 Rxb5 43. Qxe7+ 1-0

[Event "*** Titled Tuesday Blitz"]
[Site "Chess.com"]
[Date "2021.03.30"]
[Round "5"]
[White "steka121"]
[Black "manitodeplomo"]
[Result "1-0"]
[WhiteElo "2399"]
[BlackElo "2567"]
[TimeControl "180+1"]
[EndTime "10:55:24 PDT"]
[Termination "steka121 won on time"]

1. e4 e6 2. d4 d5 3. Nc3 Bb4 4. exd5 Qxd5 5. Nf3 Nf6 6. Bd3 O-O 7. O-O Bxc3 8.
bxc3 b6 9. c4 Qd6 10. Ne5 Rd8 11.
c3 Bb7 12. Bf4 Qe7 13. Qe2 c5 14. Rad1 h6 15. Rfe1 Qf8 16. Bc2 cxd4 17. cxd4 Nc6 18. Nxc6 Bxc6 19. Be5 Nd7 20. Qd3 f5 21. Qg3 Nxe5 22. Qxe5 Re8 23. Bb3 Kh8 24. c5 bxc5 25.
dxc5 a5 26. Rd6 Be4 27. f3 Bd5 28. Bxd5 exd5 29. Rxh6+ Kg8 30. Qxd5+ Qf7 31. Rxe8+ 1-0

[Event "*** Titled Tuesday Blitz"]
[Site "Chess.com"]
[Date "2021.03.30"]
[Round "5"]
[White "RaphCamora"]
[Black "Gudmundur_Kjartansson"]
[Result "0-1"]
[WhiteElo "2405"]
[BlackElo "2555"]
[TimeControl "180+1"]
[EndTime "10:55:24 PDT"]
[Termination "Gudmundur_Kjartansson won by resignation"]

1. e4 e6 2. b3 d5 3. Bb2 dxe4 4.
Nc3 Nf6 5. Qe2 b6 6. Nxe4 Bb7 7.
Nxf6+ gxf6 8. O-O-O Nd7 9. f4 Bd6 10. f5 Qe7 11. fxe6 fxe6 12. Nf3 O-O-O 13. g3 Ba3 14. Bg2 Bxb2+ 15. Kxb2 e5 16. Rhf1 Nc5 17. d3 a5 18.
Nh4 a4 19. Nf5 Qd7 20. Bxb7+ Kxb7 21. d4 exd4 22. Rxd4 Qc6 23. Rfd1 Ra8 24. b4 a3+ 25. Ka1 Na4 26. Rc4 Rhe8 27. Qd3 Nb2 28. Rxc6 Nxd3 29. Rxf6 Nxb4 30. Kb1 Ra5 31. Rf7 Kb8 32. Ne7 Rb5 33.
Kc1 Nxa2+ 34. Kd2 Rd8+ 35. Ke1 Rxd1+ 36. Kxd1 Nc3+ 37. Kd2 a2 38. Nc6+ Kb7 39. Nd8+ Kc8 40. Ne6 a1=Q 0-1

[Event "*** Titled Tuesday Blitz"]
[Site "Chess.com"]
[Date "2021.03.30"]
[Round "5"]
[White "sau6on"]
[Black "I_Enchev"]
[Result "0-1"]
[WhiteElo "2383"]
[BlackElo "2540"]
[TimeControl "180+1"]
[EndTime "10:55:24 PDT"]
[Termination "I_Enchev won on time"]

1. e4 c6 2. d4 d5 3. Nc3 dxe4 4. Nxe4 Nf6 5. Nxf6+ exf6 6. c3 Bd6 7. Bd3 O-O 8. Qc2 Re8+ 9. Ne2 h5 10. O-O Nd7 11.
c4 Qc7 12. h3 c5 13. Be3 b6 14. Be4 Rb8 15. Bd5 Nf8 16. Nc3 cxd4 17. Nb5 Qe7 18. Nxd6 Qxd6 19. Bxd4 Be6 20. Bxe6 fxe6 21. Rfd1 e5 22.
Be3 Qc6 23. b3 Rbd8 24. Rxd8 Rxd8 25. Rd1 Rd7 26. Rd2 h4 27. Qd1 Rxd2 28. Qxd2 Ne6 29. Qd3 Kf7 30. b4 g5 31. a3 e4 32. Qc3 f5 33. Qh8 f4 34. Bd4 Qxc4 35. Qf6+ Ke8 36. Qg6+ Kd7 37. Be5 e3 38. fxe3 fxe3 39. Qf7+ Kc8 40.
Qe8+ Kb7 41. Qd7+ Ka6 0-1

[Event "*** Titled Tuesday Blitz"]
[Site "Chess.com"]
[Date "2021.03.30"]
[Round "5"]
[White "Redzishchess"]
[Black "novocane"]
[Result "1-0"]
[WhiteElo "2370"]
[BlackElo "2221"]
[TimeControl "180+1"]
[EndTime "10:55:24 PDT"]
[Termination "Redzishchess won on time"]

1. e4 c5 2. Nf3 Nc6 3. Bb5 Nf6 4.
e5 Nd5 5. Nc3 Nc7 6. Bxc6 dxc6 7. O-O g6 8. Re1 Bg7 9. Ne4 Ne6 10. d3 O-O 11. Be3 b6 12. Qd2 Re8 13. Bh6 Bh8 14. h4 Qc7 15. h5 Bb7 16. Neg5 Nxg5 17. Qxg5 e6 18. Re4 c4 19. Nh4 Qe7 20. Qg3 Bg7 21.
Bxg7 Kxg7 22. Rxc4 c5 23. Rg4 b5 24. hxg6 fxg6 25.
Nxg6 hxg6 26. Rxg6+ Kh7 27. Qg4 1-0

[Event "*** Titled Tuesday Blitz"]
[Site "Chess.com"]
[Date "2021.03.30"]
[Round "5"]
[White "Beca95"]
[Black "Keks2017"]
[Result "1-0"]
[WhiteElo "2891"]
[BlackElo "2480"]
[TimeControl "180+1"]
[EndTime "10:55:25 PDT"]
[Termination "Beca95 won by resignation"]

1. d4 d6 2. e4 Nf6 3. Nc3 g6 4. Nf3 Bg7 5. Be3 O-O 6. Qd2 a6 7. Bh6 b5 8. Bd3 Nc6 9. e5 dxe5 10. dxe5 Ng4 11. Bxg7 Kxg7 12. Qf4 Ngxe5 13. Nxe5 Qd6 14. Nxg6 hxg6 15. Qe3 Ne5 16. Be2 Bb7 17. Rd1 Qe6 18. f4 Nc4 19. Qxe6 fxe6 20. Bxc4 bxc4 21. O-O Rad8 22. Rxd8 Rxd8 23. Rd1 Rd6 24. Kf2 Kf6 25. g3 e5 26. fxe5+ Kxe5 27. Ke3 g5 28. Rf1 Rh6 29. Rf2 Bc6 30. Ne2 Bd5 31. Nd4 e6 32. Ne2 Rh8 33.
Nc3 Rb8 34. b3 cxb3 35. cxb3 Rh8 36. Na4 Kd6 37. Nb2 a5 38. Rd2 Ke5 39. Rc2 Rh7 40.
Nd3+ Kf6 41. Kd4 Kf5 42. Ne5 g4 43. Rf2+ Kg5 44. Kc5 Rh8 45. Nf7+ 1-0

[Event "*** Titled Tuesday Blitz"]
[Site "Chess.com"]
[Date "2021.03.30"]
[Round "5"]
[White "Magila31"]
[Black "dachessmandan"]
[Result "0-1"]
[WhiteElo "2286"]
[BlackElo "2495"]
[TimeControl "180+1"]
[EndTime "10:55:25 PDT"]
[Termination "dachessmandan won by resignation"]

1. d4 Nf6 2. c4 e6 3. Nf3 d5 4. Nc3 Bb4 5. e3 O-O 6. Bd2 c5 7. cxd5 exd5 8. Be2 Nc6 9. dxc5 d4 10. exd4 Nxd4 11.
Nxd4 Qxd4 12. O-O Bxc5 13. Be3 Qxd1 14. Raxd1 Bxe3 15. fxe3 Be6 16. Bf3 Rab8 17. e4 Nd7 18. b3 Ne5 19. Nd5 Rfd8 20. Kf2 Kf8 21. Ke3 Bxd5 22. Rxd5 Rxd5 23. exd5 Ke7 24. Kd4 Kd6 25.
Rc1 Re8 26. Rc3 f6 27. b4 Nxf3+ 28. Rxf3 Re5 29. Rg3 g6 30. Rh3 h5 31. Rg3 Rxd5+ 32.
Kc4 g5 33. Rh3 g4 34. Re3 Re5 35. Rd3+ Ke7 36. Rd2 f5 37. a4 f4 38. Kd4 Kf6 39. Rf2 Kf5 40. b5 Re4+ 41. Kc5 Rxa4 42. Rd2 f3 43.
gxf3 gxf3 44. Rd7 Kg4 45. Rxb7 f2 46. Rg7+ Kf3 0-1

[Event "*** Titled Tuesday Blitz"]
[Site "Chess.com"]
[Date "2021.03.30"]
[Round "5"]
[White "HanSchut"]
[Black "profofchess"]
[Result "0-1"]
[WhiteElo "2243"]
[BlackElo "2448"]
[TimeControl "180+1"]
[EndTime "10:55:25 PDT"]
[Termination "profofchess won on time"]

1. e4 e6 2. d4 d5 3. Nc3 Bb4 4. e5 Bf8 5. f4 c5 6. Nce2 cxd4 7. Nxd4 Nc6 8. Ngf3 Qb6 9. c3 Bd7 10. Rb1 Nxd4 11. Nxd4 Ne7 12. Be3 Qa5 13. a3 Nf5 14.
Nxf5 exf5 15. Be2 Rc8 16. O-O Bc5 17. Qd2 O-O 18. Bf3 Ba4 19. Kh1 Bxe3 20. Qxe3 Bc2 21. Rbc1 Be4 22. Bxe4 dxe4 23. Rcd1 Qb5 24. Rf2 Rfd8 25.
Rfd2 Rxd2 26. Qxd2 h6 27. h3 e3 28. Qe1 Qxb2 29. Qxe3 Rxc3 30. Rd8+ Kh7 31. Qxa7 Rc1+ 32. Kh2 Qb1 33. Qf2 Rh1+ 34. Kg3 Rf1 0-1

[Event "*** Titled Tuesday Blitz"]
[Site "Chess.com"]
[Date "2021.03.30"]
[Round "5"]
[White "Fraler15"]
[Black "woodhy"]
[Result "0-1"]
[WhiteElo "2246"]
[BlackElo "2445"]
[TimeControl "180+1"]
[EndTime "10:55:25 PDT"]
[Termination "woodhy won by checkmate"]

1. e4 e6 2. d4 d5 3. e5 c5 4. c3 Nc6 5. Nf3 Qb6 6. Bd3 Bd7 7. O-O cxd4 8. Re1 dxc3 9. Nxc3 Nge7 10. Be3 Qd8 11.
Rc1 Ng6 12. Nb5 a6 13. Nd6+ Bxd6 14. exd6 O-O 15. Ng5 Nce5 16. Bb1 h6 17. Nf3 Nc4 18. Bd4 Nh4 19. Nxh4 Qxh4 20. Qd3 g6 21. b3 Nxd6 22. Bc5 Ne4 23. Bxf8 Qxf2+ 24. Kh1 Qxe1+ 25. Rxe1 Nf2+ 26. Kg1 Nxd3 27. Bxd3 Kxf8 28. b4 Ke7 29. Rb1 Bb5 30. Bc2 Rc8 31. Bb3 Bc4 32. Kf2 Bxb3 33. Rxb3 Rc2+ 34.
Kg3 Rxa2 35. b5 axb5 36. Rxb5 d4 37. Rxb7+ Kf6 38. Rd7 Rd2 39. Kf3 e5 40. h4 Ke6 41.
Rd8 h5 42. g3 Kf5 43. Rd7 e4# 0-1

[Event "*** Titled Tuesday Blitz"]
[Site "Chess.com"]
[Date "2021.03.30"]
[Round "5"]
[White "Spriteball"]
[Black "Chessbard1972"]
[Result "1-0"]
[WhiteElo "2382"]
[BlackElo "2231"]
[TimeControl "180+1"]
[EndTime "10:55:26 PDT"]
[Termination "Spriteball won by checkmate"]

1. d4 d5 2. c4 e6 3. Nf3 c5 4.
g3 Nc6 5. Bg2 Nf6 6. O-O h6 7.
Nc3 Be7 8. dxc5 Bxc5 9. Qc2 O-O 10. Rd1 Qe7 11. cxd5 exd5 12. Nxd5 Nxd5 13. Rxd5 Bxf2+ 14.
Kxf2 Nb4 15. Qb3 Be6 16. e4 f5 17. Re5 Bxb3 18. Rxe7 Nc2 19. axb3 Nxa1 20. e5 Nxb3 21. Be3 Rac8 22. Ne1 Kh7 23. Rxb7 Nc5 24. Rxa7 Ne4+ 25. Kg1 Rfe8 26. Nd3 Ra8 27. Rxa8 Rxa8 28. e6 Ra1+ 29. Bc1 Nc5 30. e7 Nxd3 31. e8=Q Rxc1+ 32. Bf1 Nc5 33. Qe3 Rc2 34. b4 Nd7 35. Bd3 Rb2 36. Bxf5+ Kg8 37. Bxd7 Kf7 38. Qe6+ Kf8 39.
Qe8# 1-0

[Event "*** Titled Tuesday Blitz"]
[Site "Chess.com"]
[Date "2021.03.30"]
[Round "5"]
[White "WanderingPuppet"]
[Black "annamaja"]
[Result "1-0"]
[WhiteElo "2516"]
[BlackElo "2353"]
[TimeControl "180+1"]
[EndTime "10:55:27 PDT"]
[Termination "WanderingPuppet won on time"]

1. e4 e6 2. d4 d5 3. Nc3 Nf6 4. Bg5 dxe4 5. Nxe4 Nbd7 6. Nf3 Be7 7. Nxf6+ Bxf6 8. h4 c5 9. dxc5 Qa5+ 10. c3 Qxc5 11. Bd3 h6 12. Be3 Qc7 13. Qd2 a6 14. O-O-O Nc5 15. Bc2 b5 16. Bd4 Nd7 17. Be4 Bb7 18.
Bxb7 Qxb7 19. Bxf6 Nxf6 20. Qd6 Nd5 21. Rhe1 Rd8 22. Qc5 b4 23. c4 Nb6 24. Rxd8+ Kxd8 25. Rd1+ Ke8 26. Ne5 f6 27. Nc6 Kf7 28. Nd8+ Rxd8 29.
Rxd8 Na4 30. Qd6 Qxg2 31. Qd7+ Kg6 32. Qxa4 1-0

[Event "*** Titled Tuesday Blitz"]
[Site "Chess.com"]
[Date "2021.03.30"]
[Round "5"]
[White "ChessQueen"]
[Black "PlotnikovPavel"]
[Result "1-0"]
[WhiteElo "2715"]
[BlackElo "2509"]
[TimeControl "180+1"]
[EndTime "10:55:30 PDT"]
[Termination "ChessQueen won on time"]

1. e4 e6 2. d4 d5 3. Nc3 Nf6 4. Bg5 Be7 5. e5 Nfd7 6. h4 a6 7. Bd3 c5 8. Qg4 h5 9. Qg3 Bxg5 10. hxg5 g6 11. f4 cxd4 12. Nce2 Qa5+ 13. Kf2 Nc6 14. Nf3 Nc5 15. Rhd1 Qb6 16. Nfxd4 Nxd4 17. Nxd4 Qxb2 18. Qe3 Qc3 19. Rab1 O-O 20. g4 hxg4 21. Ne2 Qa5 22. Rh1 Kg7 23. Rh4 Bd7 24. Rbh1 Rh8 25.
f5 exf5 26. e6 Nxd3+ 27. cxd3 Rxh4 28. Qe5+ Kf8 29. e7+ Ke8 30. Rxh4 Qc5+ 31. d4 1-0

[Event "*** Titled Tuesday Blitz"]
[Site "Chess.com"]
[Date "2021.03.30"]
[Round "5"]
[White "Raud100"]
[Black "Yurovskykh_Oleksandr"]
[Result "0-1"]
[WhiteElo "2381"]
[BlackElo "2528"]
[TimeControl "180+1"]
[EndTime "10:55:30 PDT"]
[Termination "Yurovskykh_Oleksandr won on time"]

1. d4 d5 2. c4 dxc4 3. e4 Nf6 4. Nc3 e5 5. Nf3 exd4 6. Qxd4 Qxd4 7. Nxd4 Bc5 8. Ndb5 Na6 9. Bxc4 c6 10. Na3 b5 11.
Naxb5 cxb5 12. Bxb5+ Nd7 13. Nd5 O-O 14. O-O Nb4 15. Rd1 Nb6 16. Nc7 Bg4 17. Rf1 Rac8 18. Bf4 Bd7 19. Be2 Nc2 20. Rac1 Nd4 21. Ba6 Bb4 22. Bxc8 Rxc8 23. Kh1 Ne2 24. Nd5 Nxc1 25. Nxb4 Ne2 26. Be3 Nc4 27. Bxa7 Nf4 28. h3 Ne6 29. b3 Nd6 30. f3 Nb5 31. Bf2 Be8 32.
Rd1 g6 33. Nd5 Kf8 34. Bh4 Nbc7 0-1

[Event "*** Titled Tuesday Blitz"]
[Site "Chess.com"]
[Date "2021.03.30"]
[Round "5"]
[White "Smirnov_Pavel"]
[Black "LionTheLeon_06"]
[Result "1-0"]
[WhiteElo "2890"]
[BlackElo "2692"]
[TimeControl "180+1"]
[EndTime "10:55:31 PDT"]
[Termination "Smirnov_Pavel won on time"]

1. d4 Nf6 2. c4 e6 3. Nf3 b6 4. g3 Bb7 5. Bg2 Be7 6. O-O O-O 7.
Nc3 Ne4 8. Bd2 d6 9. d5 Nxd2 10. Nxd2 e5 11. f4 Nd7 12. Nf3 Bf6 13. Qd2 g6 14. e4 exf4 15. gxf4 Re8 16. Rae1 Bg7 17. Nd4 a6 18. b3 Qh4 19. Kh1 Rad8 20. Re3 Nc5 21. Rh3 Qf6 22. Nde2 b5 23. cxb5 axb5 24. b4 Na4 25. Nxb5 Qe7 26. Nbd4 Nb6 27. Rc1 Ra8 28.
a3 Ba6 29. Nc6 Qd7 30. Ned4 Rxe4 31. f5 Ree8 32. Ne6 fxe6 33. dxe6 Qc8 34. Qg5 Bd3 35. Rxd3 1-0

[Event "*** Titled Tuesday Blitz"]
[Site "Chess.com"]
[Date "2021.03.30"]
[Round "5"]
[White "mr_gustavo"]
[Black "AldokhinIvan"]
[Result "1-0"]
[WhiteElo "2403"]
[BlackElo "2521"]
[TimeControl "180+1"]
[EndTime "10:55:31 PDT"]
[Termination "mr_gustavo won on time"]

1. e4 c5 2. Nf3 e6 3. d4 cxd4 4.
Nxd4 a6 5. Bd3 Qc7 6. O-O Nf6 7. Nd2 Bd6 8. g3 Bc5 9. N4b3 Ba7 10. Nc4 b5 11.
Bf4 Qxf4 12. gxf4 bxc4 13. Bxc4 Bb7 14. e5 Ne4 15. Bd3 g5 16. Qe2 f5 17. exf6 Nxf6 18.
fxg5 Rg8 19. Qe5 Nd5 20. Bxh7 Nc6 21. Qg3 Rg7 22. Be4 Nce7 23. h4 Nf5 24. Bxf5 exf5 25.
c4 Ne7 26. Rae1 O-O-O 27. c5 f4 28. Qxf4 Ng6 29. Qg3 Rf8 30. f4 Rh7 31. f5 Nxh4 32.
g6 Nxg6 33. Qxg6 Rff7 34. f6 1-0

[Event "*** Titled Tuesday Blitz"]
[Site "Chess.com"]
[Date "2021.03.30"]
[Round "5"]
[White "julinha97"]
[Black "KNVB"]
[Result "0-1"]
[WhiteElo "2283"]
[BlackElo "2653"]
[TimeControl "180+1"]
[EndTime "10:55:33 PDT"]
[Termination "KNVB won by resignation"]

1. e4 c6 2. d4 d5 3. e5 Bf5 4. h4 h5 5. Bd3 Bxd3 6. Qxd3 e6 7.
Bg5 Qb6 8. Nd2 Qa6 9. c4 Be7 10. Ngf3 Nd7 11. Qc3 Bxg5 12. Nxg5 Ne7 13. O-O dxc4 14.
Nxc4 Nf5 15. Rac1 O-O 16. Qf3 g6 17. Qf4 Nb6 18. Ne3 Nd5 19. Nxd5 cxd5 20. g4 hxg4 21.
Qxg4 Qb6 22. Rfd1 Kg7 23. h5 Rh8 24. hxg6 Rh4 25. Qf3 Kxg6 26. Nh3 Rg8 27. Kf1 Kh7 28. Nf4 Rgg4 29. Ng2 Qb5+ 30. Rd3 Rh1+ 31. Ke2 Re4+ 32. Ne3 Nxd4+ 0-1

[Event "*** Titled Tuesday Blitz"]
[Site "Chess.com"]
[Date "2021.03.30"]
[Round "5"]
[White "onetowin"]
[Black "GMHess"]
[Result "0-1"]
[WhiteElo "2029"]
[BlackElo "2755"]
[TimeControl "180+1"]
[EndTime "10:55:34 PDT"]
[Termination "GMHess won by resignation"]

1. d4 g6 2. Nf3 Bg7 3. g3 d6 4.
Bg2 Nd7 5. O-O e6 6. c4 Ne7 7. Nc3 a6 8. b3 Rb8 9. e4 b5 10.
Qc2 O-O 11. Bb2 Bb7 12. Rfe1 b4 13. Ne2 a5 14. Rad1 Ra8 15. e5 d5 16. c5 Bc6 17.
h4 a4 18. Nf4 axb3 19. axb3 Ra2 20. Nd3 Qb8 21. Ra1 Rxa1 22. Rxa1 Qb7 23. Bc1 f6 24. exf6 Nxf6 25. Ng5 Bd7 26. Ne5 Bc8 27. Bh3 Nf5 28. Bg2 Nxd4 29. Qd3 Nc6 30. Nxc6 Qxc6 31. Ra6 Bxa6 32.
Qe3 Ng4 33. Nxe6 Nxe3 34. Nf4 Nxg2 35. Kxg2 Qxc5 36. Be3 d4 0-1

[Event "*** Titled Tuesday Blitz"]
[Site "Chess.com"]
[Date "2021.03.30"]
[Round "5"]
[White "Nemsko"]
[Black "MuhittinBuker"]
[Result "1-0"]
[WhiteElo "2332"]
[BlackElo "2197"]
[TimeControl "180+1"]
[EndTime "10:55:34 PDT"]
[Termination "Nemsko won on time"]

1. e4 e5 2. Nf3 Nc6 3. Bb5 a6 4. Ba4 Nf6 5. O-O Be7 6. Re1 b5 7. Bb3 O-O 8. h3 d6 9. c3 Na5 10. Bc2 c5 11. d4 Qc7 12. d5 c4 13. Nbd2 Nb7 14. Nf1 Bd7 15. Ng3 g6 16. Bh6 Rfe8 17. Qd2 a5 18. b3 Rac8 19. Re3 cxb3 20. axb3 b4 21. c4 a4 22. Ree1 a3 23. Qxb4 Ra8 24. Rxa3 Rxa3 25. Qxa3 Nc5 26. b4 Nb7 27. Bd3 Rb8 28.
Be3 Nd8 29. Rb1 Ne8 30. c5 Bb5 31. Bxb5 Rxb5 32. c6 Qb8 33. Ne2 Qc8 34. Nc3 Rb8 35. b5 f5 36. b6 f4 37. Bd2 Nxc6 38. dxc6 Qxc6 39. Nxe5 dxe5 40. Qxe7 Ng7 41. b7 Ne6 42. Nd5 1-0

[Event "*** Titled Tuesday Blitz"]
[Site "Chess.com"]
[Date "2021.03.30"]
[Round "5"]
[White "esapunov"]
[Black "Mikhail_Golubev"]
[Result "1-0"]
[WhiteElo "2737"]
[BlackElo "2537"]
[TimeControl "180+1"]
[EndTime "10:55:35 PDT"]
[Termination "esapunov won by resignation"]

1. c4 g6 2. g3 Bg7 3. Bg2 e5 4.
Nc3 Nc6 5. Rb1 f5 6. b4 a6 7. a4 Nf6 8. b5 axb5 9. axb5 Nd4 10.
d3 O-O 11. e3 Ne6 12. Nge2 d6 13. O-O h5 14. d4 e4 15. Nf4 Nxf4 16. exf4 h4 17. h3 Nh5 18. Kh2 Be6 19. d5 Bxc3 20. dxe6 Qe7 21. g4 Ng7 22. f3 Qxe6 23. fxe4 fxe4 24. Qe2 Rae8 25. Be3 g5 26. fxg5 Be5+ 27.
Kh1 Bg3 28. Rbd1 Qg6 29. Bc1 Ne6 30. Bxe4 Rxf1+ 31. Rxf1 Nd4 32. Bd5+ Kg7 33. Qd1 Re2 34. Qxd4+ Be5 35. Qe4 Rh2+ 36. Kg1 Qe8 37. Bf4 1-0

[Event "*** Titled Tuesday Blitz"]
[Site "Chess.com"]
[Date "2021.03.30"]
[Round "5"]
[White "Trankuilizer"]
[Black "InitiatingASC"]
[Result "1-0"]
[WhiteElo "2596"]
[BlackElo "2434"]
[TimeControl "180+1"]
[EndTime "10:55:35 PDT"]
[Termination "Trankuilizer won on time"]

1. e4 e5 2. Nf3 Nf6 3. Nxe5 d6 4.
Nf3 Nxe4 5. Nc3 Nxc3 6. dxc3 Be7 7. Be3 Nc6 8. Qd2 Bf5 9. Rg1 a6 10. O-O-O Qd7 11. h3 O-O-O 12. g4 Be6 13. Nd4 Rhe8 14. b3 Bf6 15. Nxe6 fxe6 16. g5 Be7 17. h4 d5 18.
Bh3 Kb8 19. Rge1 Bd6 20. Kb1 Qf7 21. Qd3 Ne5 22. Qe2 Nf3 23. Rh1 Nxh4 24. Bxe6 Rxe6 25. Rxh4 h6 26. gxh6 gxh6 27. Rxh6 Rde8 28. Rxe6 Rxe6 29. Qd3 c6 30. Qd4 Re4 31. Qa7+ Kc8 32. Rh1 Re8 33. Qd4 Be5 34. Qd3 Qf6 35. Rh6 Qg7 36. Qf5+ Kb8 37. Rh7 Rf8 38. Qh3 Qg1+ 39. Kb2 Bc7 40. Qd7 Rc8 41. Bf4 1-0

[Event "*** Titled Tuesday Blitz"]
[Site "Chess.com"]
[Date "2021.03.30"]
[Round "5"]
[White "Horizonevent"]
[Black "Kale36"]
[Result "0-1"]
[WhiteElo "2517"]
[BlackElo "2402"]
[TimeControl "180+1"]
[EndTime "10:55:35 PDT"]
[Termination "Kale36 won on time"]

1. e4 Nc6 2. d4 e5 3. d5 Nce7 4. c4 Nf6 5. Nc3 Ng6 6. h4 h5 7. g3 Bc5 8. Be2 d6 9. Bg5 Bg4 10. f3 Bd7 11. f4 exf4 12. gxf4 Qe7 13. Qc2 O-O-O 14. O-O-O Be3+ 15. Kb1 Bxf4 16. Nh3 Bxg5 17. Nxg5 Ng4 18. Bxg4 Bxg4 19. Rdf1 f6 20. Nf3 Bxf3 21. Rxf3 Ne5 22. Rg3 g5 23. Nb5 gxh4 24. Nxa7+ Kb8 25. Ra3 Nd7 26. Re1 Nb6 27. Qb3 h3 28. Qxh3 Qd7 29. Qc3 Qg4 30. Qa5 Rde8 31. c5 dxc5 32. Nc6+ Kc8 33.
Qxc5 Kd7 0-1